 Dungeon Crawl Stone Soup version 0.28.0-53-g5a82cb258f (webtiles) character file.

Game seed: 15753863424979775927

52 Sin92 the Magician (level 3, 0/25 HPs)
             Began as a Demonspawn Hedge Wizard on July 12, 2022.
             Slain by a gnoll
             ... wielding a +0 spear
              (1 damage)
             ... on level 2 of the Dungeon.
             The game lasted 00:02:57 (2381 turns).

Sin92 the Magician (Demonspawn Hedge Wizard)        Turns: 2381, Time: 00:02:57

Health: 0/25       AC:  3    Str: 10    XL:     3   Next: 60%
Magic:  7/7        EV: 12    Int: 15    God:
Gold:   37         SH:  0    Dex: 14    Spells: 7/8 levels left

rFire   . . .      SeeInvis .   a - +0 dagger
rCold   . . .      Faith    .   (no shield)
rNeg    . . .      Spirit   .   b - +0 robe
rPois   +          Reflect  .   c - +1 hat
rElec   .          Harm     .   (no cloak)
rCorr   .          Rampage  .   (no gloves)
Will    .....                   (no boots)
Stlth   ++........              (no amulet)
HPRegen 0.08/turn               d - ring of poison resistance
MPRegen 0.10/turn               (no ring)

@: mighty
A: demonic touch 1
a: no special abilities


You were on level 2 of the Dungeon.
You visited 1 branch of the dungeon, and saw 3 of its levels.

You collected 37 gold pieces.

Inventory:

Hand Weapons
 a - a +0 dagger (weapon)
Armour
 b - a +0 robe (worn)
 c - a +1 hat (worn)
Jewellery
 d - a ring of poison resistance (left hand)
Potions
 f - a potion of might


   Skills:
 + Level 0.9 Fighting
 * Level 0.7 Short Blades
 + Level 0.8 Armour
 + Level 2.0 Dodging
 + Level 2.2 Stealth
 + Level 3.2 Spellcasting
 + Level 1.3 Conjurations
 - Level 1.0 Summonings
 + Level 1.2 Translocations


You had 7 spell levels left.
You knew the following spells:

 Your Spells              Type           Power      Damage    Failure   Level
a - Magic Dart            Conj           24%        1d4       11%         1

Your spell library contained the following spells:

 Spells                   Type           Power      Damage    Failure   Level
 Blink                    Tloc           12%        N/A       19%         2
 Slow                     Hex            8%         N/A       21%         1
 Call Imp                 Summ           5%         N/A       21%         2
 Conjure Flame            Conj/Fire      4%         6-21      41%         3
 Mephitic Cloud           Conj/Pois/Air  3%         N/A       43%         3


Dungeon Overview and Level Annotations

Branches:
Dungeon (3/15)

Altars:
Xom


Innate Abilities, Weirdness & Mutations

Your touch may inflict minor irresistible damage on your foes.


Message History

You kill the frilled lizard!
You see here a +0 plate armour.
Found a gilded ring.
Found a scroll labelled COYLOS SAAZ.
A dart slug comes into view.
You see here a ring of poison resistance.
d - a ring of poison resistance The dart slug launches a dart at you.
The slug dart hits you.
Found a stone staircase leading down.
There is a stone staircase leading up here.
d - a ring of poison resistance (left hand)
You hit the dart slug.
You touch the dart slug.
The dart slug is almost dead.
You hit the dart slug.
You kill the dart slug!
e - a scroll labelled COYLOS SAAZ
As you read the scroll labelled COYLOS SAAZ, it crumbles to dust.
It is a scroll of enchant armour.
Your +0 hat glows green for a moment.
There is a stone staircase leading up here.
You climb upwards.
The gnoll hits you with a +0 spear.
There is a stone staircase leading down, spattered with blood here.
Unknown command.
You open the door. The gnoll hits you with a +0 whip.
The gnoll hits you with a +0 spear!
Found a runed long sword.
The gnoll hits you from afar with a +0 spear!
* * * LOW HITPOINT WARNING * * *
There is an open door, spattered with blood here.
Unknown command.
You see here a +1 long sword of holy wrath.
You aren't carrying any scrolls.
Okay, then.
Okay, then.
You feel very mighty all of a sudden. The gnoll hits you with a +0 whip.
* * * LOW HITPOINT WARNING * * *
The gnoll hits you from afar with a +0 spear.
You die...

#######
.##.########.......
.........gg@.......
...###g####.######
#.# .# #.# ..
#g####### #......#
#......# . #......#
.. #.######


You could see 3 gnolls.

Vanquished Creatures
  2 dart slugs
  6 endoplasms
  3 giant cockroaches (D:1)
  6 goblins
  5 hobgoblins (D:1)
  3 jackals (D:1)
  3 quokkas (D:1)
  A ball python (D:2)
  2 bats (D:1)
  3 frilled lizards
  4 kobolds
  4 rats (D:1)
42 creatures vanquished.

Notes
Turn   | Place    | Note
-------+----------+-------------------------------------------
     0 | D:1      | Sin92 the Demonspawn Hedge Wizard began the quest for the
                  | Orb.
     0 | D:1      | Reached XP level 1. HP: 13/13 MP: 4/4
   189 | D:1      | Reached skill level 1 in Translocations
   453 | D:1      | Gained mutation: Your touch may inflict minor irresistible
                  | damage on your foes. [demonic ancestry]
   453 | D:1      | Reached XP level 2. HP: 17/19 MP: 0/6
  1099 | D:1      | Reached XP level 3. HP: 16/25 MP: 1/7
  1871 | D:2      | Found a shimmering altar of Xom.
  2381 | D:2      | HP: 1/25 [gnoll/+0 whip (3)]
  2381 | D:2      | Slain by a gnoll

Illustrated notes

Levels and vault maps discovered:
D:1:      dpeg_arrival_tiny_a, layout_basic, serial_glass, glass_columns_a,
          glass_columns_a, glass_columns_a, glass_columns_a, glass_columns_b,
          glass_columns_b, glass_columns_b, glass_columns_a,
          corexii_leaking_fountain
D:2:      layout_basic, basic_altar, minmay_bisected
D:3:      layout_rooms, serial_shops, nicolae_shop_stone,
          dreamdust_ecumenical_altar_drowned_temple, uniq_natasha

Skill      XL: |  1  2 |
---------------+-------+-----
Translocations | 1 |  1.2
Dodging        | 2 |  2.0
Stealth        | 2 |  2.2
Fighting       | |  0.9
Short Blades   | |  0.7
Armour         | |  0.8
Spellcasting   | |  3.2
Conjurations   | |  1.3
Summonings     | |  1.0

Action                   || total
-------------------------++-------
Melee: Dagger            ||   106
       Punch             ||     3
       Touch             ||    20
 Cast: Magic Dart        ||    16
  Use: Scroll            ||     5
       Potion            ||     1
 Stab: Sleeping          ||     7
Armor: Robe              ||    16
Dodge: Dodged            ||    60
